 Dungeon Sprint DCSS version 0.20-a0-820-g557356e (webtiles) character file.

4137 esc the Covert (level 10, -3/57 HPs)
             Began as a Vine Stalker Enchanter on Mar 4, 2017.
             Was a Priest of Okawaru.
             Killed from afar by a deep elf mage (26 damage)
             ... with a bolt of negative energy
             ... in the Dungeon (Sprint III: "The Ten Rune Challenge").
             The game lasted 00:12:10 (1252 turns).

esc the Covert (Vine Stalker Enchanter)             Turns: 1252, Time: 00:12:11

Health: -3/57      AC:  3    Str: 11    XL:     10   Next: 27%
Magic:  0/8        EV: 22    Int: 15    God:    Okawaru [***...]
Gold:   1734       SH:  0    Dex: 18    Spells: 16/28 levels left

rFire    . . .     SeeInvis .   B - +0 dagger (antimagic)
rCold    . . .     Gourm    .   b - +0 robe
rNeg     . . .     Faith    .   (no shield)
rPois    .         Spirit   +   (no helmet)
rElec    .         Reflect  .   m - +0 cloak
rCorr    .         Harm     .   (no gloves)
MR       +....     NoTele   +   (no boots)
Stlth    +++++.....             D - amulet of magic regeneration
Regen    0.6/turn               (no ring)
MPRegen  0.2/turn               C - +4 ring of evasion

@: drained
A: fangs 3, regeneration 1, magic shield, antimagic bite, no potion heal 3, rot
immunity
a: Heroism, Renounce Religion


You were in the Dungeon.
You worshipped Okawaru.
Okawaru was most pleased with you.
You were hungry.

You visited 1 branch You collected 2658 gold pieces.
You spent 924 gold pieces at shops.

Inventory:

Hand Weapons
 B - a +0 antimagic dagger (weapon)
   (You took it off an orc wizard in the Dungeon)
Missiles
 k - a tomahawk of dispersal (quivered) {=f}
Armour
 b - a +0 robe (worn)
 m - a +0 cloak (worn)
   (You took it off Crazy Yiuf in the Dungeon)
Jewellery
 C - a +4 ring of evasion (left hand)
   (You bought it in a shop in the Dungeon)
 D - an amulet of magic regeneration (around neck)
   (You bought it in a shop in the Dungeon)
Wands
 x - a wand of clouds (5/9)
   (You found it in the Dungeon)
Scrolls
 l - a scroll of fear
 o - a scroll of holy word {unknown}
 q - a scroll of remove curse
 t - a scroll of torment {unknown}
Potions
 e - a potion of curing
 f - 2 potions of heal wounds
 g - a potion of haste
 h - 2 potions of magic
 n - a potion of lignification {!q}
 r - a potion of brilliance
 s - 5 potions of mutation {!q}
 v - 2 potions of flight
 w - a potion of might
Books
 c - a book of Maledictions
 y - a book of Misfortune
   (You found it in the Dungeon)
Miscellaneous
 A - a lightning rod (4/4)
   (You found it in the Dungeon)
Comestibles
 a - 3 chunks of flesh {@w0}
 d - 3 bread rations {@e1}
 u - a meat ration {@e2}
 z - a royal jelly


   Skills:
 + Level 8.8(8.1) Fighting
 + Level 8.9(8.1) Short Blades
 + Level 8.4(7.6) Dodging
 + Level 12.7(11.9) Stealth
 + Level 9.9(9.1) Spellcasting
 + Level 10.1(9.3) Hexes
 + Level 4.0(3.4) Invocations


You had 16 spell levels left.
You knew the following spells:

 Your Spells              Type           Power        Failure   Level  Hunger
a - Ensorcelled Hibernat  Hex/Ice        ###...       2%          2    None
b - Tukima's Dance        Hex            ####....     1%          3    #......
c - Confuse               Hex            ####....     1%          3    #......
d - Dazzling Spray        Conj/Hex       ###...       6%          3    #......
v - Corona                Hex            ####...      1%          1    None


Dungeon Overview and Level Annotations

Branches:
Dungeon (1/1)

Altars:
Cheibriados
Dithmenos
Elyvilon
Fedhas
Gozag
Hepliaklqana
Kikubaaqudgha
Makhleb
Nemelex Xobeh
Okawaru
Qazlal
Ru
Sif Muna
Trog
Uskayaw
Vehumet
Wu Jian
Xom
Yredelemnul
Zin
The Shining One
Beogh
Jiyva
Lugonu

Shops:
D =


Innate Abilities, Weirdness & Mutations

You have razor-sharp teeth.
Your natural rate of healing is unusually fast.
When hurt, damage is shared between your health and your magic reserves.
Your bite disrupts and absorbs the magic of your enemies.
Potions cannot restore your health.
You are immune to rotting.


Message History

You drain its magic.
You feel invigorated. The fire elemental misses you.
You regained 5 mp, and now have 6/8 mp.
You hit the deep elf mage.
The deep elf mage's magic leaks into the air.
The deep elf mage splashes around in the water.
You hit the deep elf mage.
The deep elf mage's magic leaks into the air.
You bite the deep elf mage!
The deep elf mage's magic leaks into the air.
You drain its magic.
You feel invigorated. The fire elemental closely misses you.
The deep elf mage completely misses you.
MP restored: 8 You hit the deep elf mage.
The deep elf mage's magic leaks into the air.
Your bite misses the deep elf mage. The fire elemental barely misses you.
You hit the deep elf mage but do no damage.
The deep elf mage falters for a moment.
You completely miss the deep elf mage. The fire elemental closely misses you.
You hit the deep elf mage.
The deep elf mage's magic leaks into the air.
You bite the deep elf mage.
The deep elf mage's magic leaks into the air.
You drain its magic. The fire elemental hits you. The fire elemental burns you!
The deep elf mage closely misses you.
You take 7 damage, and have 21/57 hp.
You now have 7/8 mp.
You hit the deep elf mage but do no damage.
The fire elemental barely misses you.
You hit the deep elf mage.
The deep elf mage's magic leaks into the air.
Your bite misses the deep elf mage. The deep elf mage misses you.
The fire elemental completely misses you.
MP restored: 8 You hit the deep elf mage.
The deep elf mage's magic leaks into the air.
Your bite misses the deep elf mage. You hit the deep elf mage.
The deep elf mage's magic leaks into the air.
Your bite misses the deep elf mage. The deep elf mage barely misses you.
The fire elemental misses you.
You hit the deep elf mage.
The deep elf mage's magic leaks into the air.
The deep elf mage misses you. The fire elemental closely misses you.
You closely miss the deep elf mage. Your bite misses the deep elf mage.
The earth elemental closely misses you.
You hit the deep elf mage.
The deep elf mage's magic leaks into the air.
Your bite misses the deep elf mage. The fire elemental misses you.
The deep elf mage splashes around in the water.
You closely miss the deep elf mage. Your bite misses the deep elf mage.
The fire elemental closely misses you.
You closely miss the deep elf mage. You bite the deep elf mage.
The deep elf mage's magic leaks into the air.
You drain its magic.
You kill the deep elf mage!
Okawaru is honoured by your kill.
You hear a splash.
The fire elemental disappears in a puff of smoke!
You feel your intelligence returning.
Your Hexes skill increases to level 10!
Your Invocations skill increases to level 4!
The earth elemental hits you!
You take 6 damage, and have 18/57 hp.
You now have 6/8 mp.
Okay, then.
Quiver which item? (- for none, * to show all) (? for menu, Esc to quit)
Quivering
k - 5 tomahawks of dispersal {=f} for throwing.
Aim: an earth elemental (black smoke)
You throw a tomahawk of dispersal {=f}.
The tomahawk of dispersal {=f} hits the earth elemental but does no damage.
The earth elemental misses you.
Aim: an earth elemental (black smoke)
You throw a tomahawk of dispersal {=f}.
The tomahawk of dispersal {=f} hits the earth elemental but does no damage.
Aim: an earth elemental (black smoke)
You throw a tomahawk of dispersal {=f}. The deep elf mage shouts!
The tomahawk of dispersal {=f} hits the earth elemental but does no damage.
The earth elemental closely misses you.
Aim: an earth elemental (black smoke)
You throw a tomahawk of dispersal {=f}.
The tomahawk of dispersal {=f} hits the earth elemental but does no damage.
You are feeling hungry.
The earth elemental misses you. The deep elf mage misses you.
You closely miss the deep elf mage.
You hit the deep elf mage but do no damage.
Your bite misses the deep elf mage.
The deep elf mage mumbles some strange words.
The deep elf mage blinks!
The earth elemental barely misses you.
You barely miss the earth elemental.
You bite the earth elemental, but do no damage.
Some of the chunks of flesh in your inventory have rotted away.
You hit the earth elemental but do no damage.
You bite the earth elemental, but do no damage.
You hit the earth elemental. The earth elemental misses you.
You hit the earth elemental but do no damage.
You bite the earth elemental, but do no damage.
The deep elf mage casts a spell at you. The bolt of negative energy hits you!
You feel drained.
You die...

..#)..#__.#._#...)[.§..##§#r..##≈
..###'#'###'##....E§..###§#er.≈≈≈
..#..........#..§......##)#se.##≈
..'.⌠....)...#.###.∩#..##)3...#
..#...######'#.# ##############
..#.⌠.#__#...#e#######
..#...#__#...#.)§§≈'§#
..#'###__#..)#)#§§§#§#
..#.).#__#...).#@E.#
..#___#__'...#)#§§§#
▓▓▓▓▓▓▓▓▓▓▓▓▓▓▓▓▓▓▓▓


You could see an earth elemental and a deep elf mage.

Vanquished Creatures
  Snorg (D)
  2 deep elf knights (D)
  3 deep elf magi (D)
  A shadow (D)
  A spatial vortex (D)
  An orc warrior (D)
  A necrophage (D)
  A water elemental (D)
  A jelly (D)
  A wizard (D)
  Crazy Yiuf (D)
  4 orc priests (D)
  Jessica (D)
  A necromancer (D)
  2 orc wizards (D)
  A kobold demonologist (D)
  3 humans (D)
  2 oozes (D)
  11 orcs (D)
  A rat (D)
40 creatures vanquished.

Vanquished Creatures (others)
  2 draconian scorchers (D)
  6 hellions (D)
  2 yaktaurs (D)
10 creatures vanquished.

Grand Total: 50 creatures vanquished

Notes
Turn   | Place    | Note
-------+----------+-------------------------------------------
     0 | D        | esc the Vine Stalker Enchanter began the quest for the Orb.
     0 | D        | Reached XP level 1. HP: 9/9 MP: 4/4
    12 | D        | Reached skill level 1 in Fighting
    12 | D        | Reached skill level 1 in Short Blades
    12 | D        | Reached skill level 2 in Dodging
    12 | D        | Reached skill level 4 in Stealth
    74 | D        | Reached XP level 2. HP: 14/14 MP: 4/6
    83 | D        | Learned a level 2 spell: Ensorcelled Hibernation
    90 | D        | Noticed Jessica
    97 | D        | Killed a yaktaur
   108 | D        | Killed Jessica
   108 | D        | Reached skill level 2 in Fighting
   108 | D        | Reached skill level 2 in Short Blades
   108 | D        | Reached skill level 5 in Stealth
   108 | D        | Reached skill level 3 in Spellcasting
   108 | D        | Reached XP level 3. HP: 18/18 MP: 2/8
   110 | D        | Killed a hellion
   185 | D        | Noticed Crazy Yiuf
   188 | D        | Killed Crazy Yiuf
   188 | D        | Reached skill level 3 in Dodging
   188 | D        | Reached skill level 4 in Hexes
   188 | D        | Gained mutation: Your natural rate of healing is unusually fast. [Vine Stalker growth]
   188 | D        | Reached XP level 4. HP: 23/23 MP: 8/10
   188 | D        | Killed a white draconian scorcher
   188 | D        | Killed a white draconian scorcher
   197 | D        | Reached skill level 3 in Short Blades
   252 | D        | Killed a hellion
   253 | D        | Killed a hellion
   253 | D        | Killed a hellion
   255 | D        | Killed a hellion
   284 | D        | Noticed a water elemental
   290 | D        | Killed a water elemental
   290 | D        | Reached skill level 3 in Fighting
   290 | D        | Reached skill level 6 in Stealth
   290 | D        | Reached skill level 4 in Spellcasting
   290 | D        | Reached skill level 5 in Hexes
   290 | D        | Reached XP level 5. HP: 28/28 MP: 10/12
   301 | D        | Killed a hellion
   321 | D        | Found a glowing silver altar of Zin.
   321 | D        | Found a glowing golden altar of the Shining One.
   321 | D        | Found a white marble altar of Elyvilon.
   322 | D        | Noticed a deep elf mage
   326 | D        | Killed a deep elf mage
   326 | D        | Reached skill level 5 in Fighting
   326 | D        | Reached skill level 5 in Short Blades
   326 | D        | Reached skill level 5 in Dodging
   326 | D        | Reached skill level 8 in Stealth
   326 | D        | Reached skill level 6 in Spellcasting
   326 | D        | Reached skill level 6 in Hexes
   326 | D        | Reached XP level 6. HP: 35/35 MP: 10/16
   326 | D        | Reached XP level 7. HP: 39/39 MP: 10/17
   375 | D        | Found a hide-covered altar of Uskayaw.
   375 | D        | Found a roughly hewn altar of Beogh.
   375 | D        | Found an iron altar of Okawaru.
   375 | D        | Found a bloodstained altar of Trog.
   375 | D        | Found an ornate altar of the Wu Jian Council.
   375 | D        | Noticed a human
   375 | D        | Noticed a human
   407 | D        | Killed a human
   407 | D        | Reached skill level 6 in Short Blades
   407 | D        | Reached skill level 9 in Stealth
   407 | D        | Reached skill level 7 in Hexes
   465 | D        | Killed a human
   465 | D        | Reached skill level 6 in Fighting
   465 | D        | Reached skill level 6 in Dodging
   465 | D        | Reached skill level 7 in Spellcasting
   476 | D        | Became a worshipper of Warmaster Okawaru
   484 | D        | Found a basalt altar of Yredelemnul.
   484 | D        | Found a shadowy altar of Dithmenos.
   484 | D        | Found a sacrificial altar of Ru.
   517 | D        | Gained mutation: You have razor-sharp teeth. [Vine Stalker growth]
   517 | D        | Reached XP level 8. HP: 35/44 MP: 18/20
   538 | D        | Learned a level 3 spell: Confuse
   542 | D        | Learned a level 3 spell: Tukima's Dance
   546 | D        | Learned a level 3 spell: Dazzling Spray
   582 | D        | Found a radiant altar of Vehumet.
   583 | D        | Found a deep blue altar of Sif Muna.
   583 | D        | Found an ancient bone altar of Kikubaaqudgha.
   584 | D        | Reached skill level 10 in Stealth
   636 | D        | Killed a yaktaur
   657 | D        | Noticed a shadow
   659 | D        | Killed a shadow
   663 | D        | Reached skill level 8 in Hexes
   667 | D        | Found a blossoming altar of Fedhas.
   667 | D        | Found a stormy altar of Qazlal.
   667 | D        | Found a snail-covered altar of Cheibriados.
   667 | D        | Found a burning altar of Makhleb.
   667 | D        | Found a shimmering altar of Xom.
   668 | D        | Found a hazy altar of Hepliaklqana.
   668 | D        | Found an opulent altar of Gozag.
   668 | D        | Found a sparkling altar of Nemelex Xobeh.
   668 | D        | Found a corrupted altar of Lugonu.
   668 | D        | Found a viscous altar of Jiyva.
   672 | D        | Reached * piety under Okawaru
   684 | D        | Noticed Snorg
   691 | D        | Killed Snorg
   691 | D        | Reached skill level 7 in Fighting
   691 | D        | Reached skill level 7 in Short Blades
   691 | D        | Reached skill level 7 in Dodging
   691 | D        | Reached skill level 11 in Stealth
   691 | D        | Reached skill level 8 in Spellcasting
   691 | D        | Reached skill level 9 in Hexes
   691 | D        | Reached XP level 9. HP: 15/50 MP: 1/22
  1012 | D        | Found Jerrur's Jewellery Boutique.
  1015 | D        | Reached skill level 8 in Short Blades
  1040 | D        | Bought a +4 ring of evasion for 504 gold pieces
  1040 | D        | Bought an uncursed amulet of magic regeneration for 420 gold pieces
  1068 | D        | Noticed a deep elf mage
  1068 | D        | Noticed a deep elf mage
  1068 | D        | Noticed a deep elf mage
  1068 | D        | Noticed a deep elf knight
  1068 | D        | Noticed a deep elf knight
  1090 | D        | Noticed an orange demon
  1092 | D        | Killed a deep elf knight
  1092 | D        | Reached ** piety under Okawaru
  1092 | D        | Reached skill level 8 in Fighting
  1092 | D        | Reached skill level 12 in Stealth
  1092 | D        | Reached skill level 9 in Spellcasting
  1092 | D        | Reached skill level 2 in Invocations
  1100 | D        | Killed a deep elf knight
  1100 | D        | Reached skill level 8 in Dodging
  1100 | D        | Reached skill level 3 in Invocations
  1100 | D        | Reached XP level 10. HP: 38/57 MP: 8/24
  1113 | D        | HP: 13/85 [fire elemental[a deep elf mage] (10)]
  1115 | D        | HP: 3/85 [fire elemental[a deep elf mage] (11)]
  1116 | D        | Killed a deep elf mage
  1242 | D        | Killed a deep elf mage
  1242 | D        | Reached *** piety under Okawaru
  1242 | D        | Reached skill level 10 in Hexes
  1242 | D        | Reached skill level 4 in Invocations
  1252 | D        | Killed from afar by a deep elf mage

Vault maps used:
D:        dungeon_sprint_mu

Skill      XL: |  1  2  3  4  5  6  7  8  9 10 |
---------------+-------------------------------+-----
Fighting       | 1 2 3 5 6 7 8 |  8.8
Short Blades   | 1 2 3 5 6 7 8 |  8.9
Dodging        | 2 3 5 6 7 8 |  8.4
Stealth        | 4 5 6 8 9 11 12 | 12.7
Spellcasting   | 3 4 6 7 8 9 |  9.9
Hexes          | 4 5 6 7 9 10 | 10.1
Invocations    | 3 4 |  4.0

Action                   |  1- 3 |  4- 6 |  7- 9 | 10-12 || total
-------------------------+-------+-------+-------+-------++-------
Melee: Dagger            |    10 |    14 |   100 |    38 ||   162
       Bite              |     3 |     2 |    30 |     9 ||    44
Throw: Tomahawk          |       |       |       |     4 ||     4
 Cast: Ensorcelled Hiber |     1 |     3 |    23 |     2 ||    29
       Dazzling Spray    |       |       |     2 |       ||     2
  Use: Potion            |       |     1 |     1 |       ||     2
       Scroll            |       |       |       |     5 ||     5
 Stab: Sleeping          |     3 |     2 |    15 |       ||    20
       Distracted        |       |       |     1 |       ||     1
  Eat: Chunk             |       |       |     1 |       ||     1
Armor: Robe              |       |       |     6 |     6 ||    12
Dodge: Dodged            |     3 |     5 |    54 |    34 ||    96

Vault maps used:
D:        dungeon_sprint_mu

Table legend:
 A = Turns spent in this place as a percentage of turns spent in the entire game.
 B = Non-inter-level travel turns spent in this place as a percentage of non-inter-level travel turns spent in the entire game.
 C = Inter-level travel turns spent in this place as a percentage of turns spent in this place.
 D = Turns resting spent in this place as a percentage of non-inter-level travel turns spent in this place.
 E = Turns spent auto-exploring this place as a percentage of non-inter-level travel turns spent in this place.
 F = Non-inter-level travel turns spent in this place divided by the number of levels of this place that you've seen.
                   A       B       C       D       E      F
               +-------+-------+-------+-------+-------+----------------------
         Total | 100.0 | 100.0 |   0.0 |   7.1 |   0.0 | 691.0
       Dungeon | 100.0 | 100.0 |   0.0 |   7.1 |   0.0 | 691.0
               +-------+-------+-------+-------+-------+----------------------

Table legend:
 A = Kills in this place as a percentage of kills in entire the game.
 B = Kills by you in this place as a percentage of kills by you in the entire game.
 C = Kills by friends in this place as a percentage of kills by friends in the entire game.
 D = Other kills in this place as a percentage of other kills in the entire game.
 E = Experience gained in this place as a percentage of experience gained in the entire game.
 F = Experience gained in this place divided by the number of levels of this place that you have seen.
                   A       B       C       D       E      F
               +-------+-------+-------+-------+-------+----------------------
         Total | 100.0 | 100.0 |  -nan |  -nan | 100.0 | 5911.0
       Dungeon | 100.0 | 100.0 |  -nan |  -nan | 100.0 | 5911.0
               +-------+-------+-------+-------+-------+----------------------
